Selects Armored Support Battlegroup
Construct Light Support Kompanie
Construct Mechanized Kompanie
Selects Flammpanzer III Medium Tank
Flammpanzer III Medium Tank
Construct Panzerarmee Kommand
Selects Command Panzer IV F Medium Tank
le.IG 18 Mechanized Group
Flammpanzer III Medium Tank
Selects Vehicle Awareness
254 Reconnaissance Tractor
le.IG 18 Support Gun Team
Walking Stuka Rocket Launcher
Selects Stuka Anti-tank Loiter